Cogmind - Beta 15 @@@ ROGUE MODE // 2025.08.26 @ 19:08:10 Player: beans Result: Destroyed by G-47 Trooper with Particle Gun Performance ------------- Evolutions (2) 1000 Regions Visited (3) 600 Robots Destroyed (77) 385 Value Destroyed (1981) 1981 Prototype IDs (3) 60 Alien Tech Used (0) 0 Bonus (91) 91 TOTAL SCORE: 4117 Bonus ------- High Alert Combat Kills 91 Cogmind --------- Core Integrity 0/550 Matter 300/300 Energy 100/100 System Corruption 0% Temperature Cool (9) Movement Core (50) Location -8/Materials Parts ------- > --- POWER (1) -------- (None) > --- PROPULSION (3) --- (None) > --- UTILITY (4) ------ Improved Targeting Computer > --- WEAPON (3) ------- (None) > --- INVENTORY (5) ---- Blade Saw Peak State ------------ > --- POWER ------------ Reinforced Deuterium Engine > --- PROPULSION ------- Advanced Treads Advanced Treads > --- UTILITY ---------- Improved Heat Sink High-capacity Matter Pod Improved Targeting Computer Dynamic Insulation System > --- WEAPON ----------- Heavy Assault Cannon Rocket Launcher > --- INVENTORY -------- Aerolev Unit Aerolev Unit Hardened Heavy Armor Plating [Rating: 29] Favorites ----------- Power Ion Engine Engine Ion Engine Power Core Light Nuclear Core Propulsion Light Treads Treads Light Treads Hover Unit Aerolev Unit Utility Improved Heat Sink Device Improved Heat Sink Storage High-capacity Matter Pod Processor Improved Targeting Computer Protection Hardened Heavy Armor Plating Weapon Particle Gun Energy Gun Particle Gun Energy Cannon Advanced Beam Cannon Ballistic Gun Assault Rifle Ballistic Cannon Heavy Assault Cannon Launcher Rocket Launcher Build | -11 -10 -9 -8 ------- Run | Yrd Mat Mat Mat Slots Evolved 4 | . . 2 2 Power . | . . . . Propulsion 1 | . . 1 . Utility 2 | . . 1 1 Weapon 1 | . . . 1 Parts Attached 32 | 5 4 6 17 Power 5 | 1 . . 4 Engine 4 | 1 . . 3 Core 1 | . . . 1 Reactor . | . . . . Propulsion 9 | 2 . 1 6 Treads 7 | 2 . 1 4 Leg . | . . . . Wheel . | . . . . Hover 2 | . . . 2 Flight . | . . . . Utility 7 | . 3 1 3 Device 3 | . 1 1 1 Storage 2 | . 2 . . Processor 1 | . . . 1 Hackware . | . . . . Protection 1 | . . . 1 Artifact . | . . . . Weapon 11 | 2 1 4 4 Energy Gun 2 | . 1 1 . Energy Cannon 3 | . . 2 1 Ballistic Gun 3 | 2 . . 1 Ballistic Cannon 1 | . . . 1 Launcher 2 | . . 1 1 Special Weapon . | . . . . Impact Weapon . | . . . . Slashing Weapon . | . . . . Piercing Weapon . | . . . . Special Melee Weapon . | . . . . Unidentified Prototypes 3 | . . 2 1 Parts Lost 25 | . 1 2 22 Power 5 | . . . 5 Propulsion 8 | . . 2 6 Utility 5 | . . . 5 Weapon 7 | . 1 . 6 Highest Loss Streak 8 | . 1 2 8 To Critical Strikes 1 | . . . 1 Average Backups 2 | . . 2 3 Power . | . . . . Propulsion . | . . . 1 Utility . | . . . . Weapon 1 | . . 2 1 Tool/Special . | . . . . Unused Backups 2 | . . . 2 Power . | . . . . Propulsion 1 | . . . 1 Utility 1 | . . . 1 Weapon . | . . . . Tool/Special . | . . . . Average Slot Usage (%) 81 | . 93 84 69 Engine 8 | . 14 11 1 Treads 23 | . 28 29 17 Hover 1 | . . . 2 Device 11 | . 8 13 13 Storage 10 | . 13 11 8 Processor 1 | . . . 4 Energy Gun 8 | . 9 11 7 Energy Cannon 3 | . . 2 6 Ballistic Gun 7 | . 18 1 . Launcher 2 | . . 5 3 Peak Build Rating 29 | 5 10 15 29 Average Rating 13 | 3 8 11 20 On Entrance 6 | . 5 9 12 Naked Turns . | . . . . Heaviest Build 39 | 8 15 18 39 Greatest Support 66 | 40 40 60 66 Greatest Overweight (x) 12 | 2 . . 12 Average Overweight (x) . | . . . . Largest Inventory Capacity 5 | 5 5 5 5 Average Capacity 5 | 5 5 5 5 Most Carried 5 | 2 2 5 5 Average Carried 2 | . . 2 3 Final Capacity 5 | 5 5 5 5 Final Carried 5 | . 2 5 1 Class Distribution -------------------- 86% | Mutant 8% | Gunner 5% | Scavenger-Gunner Dominant Class ---------------- Mutant | -10/Materials Mutant | -9/Materials Mutant | -8/Materials Resources | -11 -10 -9 -8 ----------- Run | Yrd Mat Mat Mat Matter Collected 1565 | 233 540 299 493 Remotely . | . . . . Salvage Created 2421 | 57 602 561 1201 Parts 154 | 5 40 38 71 Haulers Intercepted 5 | . 1 2 2 Recyclers Shooed . | . . . . Parts Field Recycled . | . . . . Retrieved Matter . | . . . . Parts Self-Destructed . | . . . . Prevented . | . . . . Kills | -11 -10 -9 -8 ------- Run | Yrd Mat Mat Mat Combat Hostiles Destroyed 46 | . 12 11 23 Guns 21 | . 12 2 7 Cannons 10 | . . 1 9 AOE 15 | . . 8 7 Classes Destroyed 14 | 1 8 1 4 Worker 5 | . 2 2 1 Builder 7 | . 1 3 3 Tunneler 3 | 2 . . 1 Hauler 5 | . 1 2 2 Recycler 5 | . 1 1 3 Mechanic 1 | . . . 1 Operator 2 | . 1 . 1 Watcher 3 | . 1 2 . Swarmer 6 | . 3 . 3 Cutter 2 | . . . 2 Grunt 33 | . 9 10 14 Sentry 2 | . . 1 1 Specialist 2 | . . . 2 Heavy 1 | . . . 1 Best Kill Streak 9 | 2 4 9 9 Combat Bots Only 5 | . 4 3 5 Max Kills in Single Turn 3 | 1 2 3 2 Gunslinging . | . . . . Exploded 2 | . . 2 1 Melee . | . . . . Uniques/NPCs Destroyed . | . . . . Combat | -11 -10 -9 -8 -------- Run | Yrd Mat Mat Mat Hostile Shots Fired 291 | . 69 42 180 Missed 95 | . 22 18 55 Hits 196 | . 47 24 125 Melee 7 | . . . 7 Projectile 189 | . 47 24 118 AOE 2 | . . . 2 Critical Strikes 10 | . 2 . 8 Damage Taken 3433 | . 518 276 2639 Core 667 | . 82 33 552 Absorbed by Shields . | . . . . Core Remaining (%) 86 | 100 67 91 . Volleys Fired 169 | 2 58 31 78 Largest 3 | 2 2 2 3 Hottest 189 | 40 85 124 189 Shots Fired 284 | 4 113 56 111 Gun 184 | 4 113 28 39 Cannon 57 | . . 8 49 Launcher 43 | . . 20 23 Special . | . . . . Kinetic 116 | 4 92 . 20 Thermal 125 | . 21 36 68 Explosive 43 | . . 20 23 Electromagnetic . | . . . . Robot Hit Streak 18 | 2 12 10 18 Robot Miss Streak 4 | . 4 4 2 Penetration Max . | . . . . Secondary Targets 3 | . 3 . . Max Gunslinging Chain 1 | . 1 . . Shots Hit Robots 175 | 2 76 24 73 Core Hits 117 | 2 31 33 51 Critical Kills . | . . . . Critical Parts Destroyed 1 | . . . 1 Critical Strikes 2 | . . . 2 Destroy 1 | . . . 1 Blast 1 | . . . 1 Melee Attacks . | . . . . Impact . | . . . . Slashing . | . . . . Piercing . | . . . . Sneak Attacks . | . . . . Combat Hostiles . | . . . . Follow-up Attacks . | . . . . Damage Inflicted 5330 | 27 874 1490 2939 Guns 1597 | 27 874 212 484 Cannons 1185 | . . 143 1042 Explosions 2545 | . . 1135 1410 Melee . | . . . . Ramming 3 | . . . 3 Kinetic 1430 | 27 723 . 680 Thermal 1352 | . 151 355 846 Explosive 2545 | . . 1135 1410 Electromagnetic . | . . . . Impact . | . . . . Slashing . | . . . . Piercing . | . . . . Highest Corruption . | . . . . Average Corruption . | . . . . Corruption Purged . | . . . . Corruption Blocked . | . . . . Overload Shots . | . . . . Overflow Damage 185 | . . . 185 Projectiles 108 | . . . 108 Explosions 77 | . . . 77 Melee . | . . . . Knockbacks 3 | . . . 3 Impact . | . . . . Kinetic 2 | . . . 2 Secondary 1 | . . . 1 Self-Inflicted Damage 212 | . . . 212 Shots 6 | . . . 6 Rammed 1 | . . . 1 Targets Rammed 1 | . . . 1 Kicked . | . . . . Crushed . | . . . . Highest Temperature 384 | . 43 36 384 Average Temperature 61 | . 17 12 126 Received Heat Transfer 1182 | . 285 150 747 Effects 1 | . . . 1 Interference 1 | . . . 1 Siege Activations . | . . . . Martial Activations . | . . . . Shielding Activations . | . . . . Robots Disrupted . | . . . . Combat Hostiles . | . . . . Robots Corrupted . | . . . . Combat Hostiles . | . . . . Parts Fried . | . . . . Impact Corruptions . | . . . . Robots Melted . | . . . . Combat Hostiles . | . . . . Parts Melted 5 | . . . 5 Heat Transferred 2775 | . 370 740 1665 Parts Sabotaged . | . . . . Parts Stolen . | . . . . Parts Stripped . | . . . . Power Chain Reactions . | . . . . Alert | -11 -10 -9 -8 ------- Run | Yrd Mat Mat Mat Maximum Alert Level 2 | . . 1 2 Low Security (%) 59 | 100 100 54 19 Level 1 31 | . . 45 58 Level 2 9 | . . . 21 Level 3 . | . . . . Level 4 . | . . . . Level 5 . | . . . . High Security . | . . . . Max Security . | . . . . Peak Influence 525 | 10 170 325 525 Initial 132 | . 6 25 132 Average 177 | . 78 162 290 Influence Increases 1711 | 10 359 455 887 Destroy 0b10 Robot/C 920 | . 240 220 460 Destroy 0b10 Robot/NC 155 | 10 35 50 60 Destroy Leader 206 | . 54 58 94 Disable Machine 105 | . 30 30 45 Destroy Structure 280 | . . 97 183 Lose Combat Pursuer 45 | . . . 45 Influence Decreases 1254 | . 308 201 745 Entered New Map 223 | . 4 36 183 Time Decay 781 | . 294 145 342 Lost Part 250 | . 10 20 220 Squads Dispatched 13 | . 2 3 8 Investigation 1 | . . 1 . Extermination . | . . . . Reinforcement 12 | . 2 2 8 Assault . | . . . . Garrison . | . . . . Intercept . | . . . . Searches Triggered . | . . . . Construction Impeded 4 | . . 1 3 Haulers Reinforced . | . . . . Active Scanning Responses . | . . . . Cargo Convoy Interrupts . | . . . . Stealth | -11 -10 -9 -8 --------- Run | Yrd Mat Mat Mat Distress Signals 6 | . . 1 5 Communications Jammed . | . . . . Distress Signals . | . . . . Times Spotted 82 | . 20 16 46 Peak Tracking Total 9 | . 4 5 9 Tactical Retreats 2 | . . . 2 Traps | -11 -10 -9 -8 ------- Run | Yrd Mat Mat Mat Traps Triggered 2 | . 1 1 . Indirectly . | . . . . Trap Hack Attempts . | . . . . Triggered . | . . . . Disarmed . | . . . . Reprogrammed . | . . . . Reused . | . . . . Traps Extracted . | . . . . Installed . | . . . . Triggered . | . . . . Machines | -11 -10 -9 -8 ---------- Run | Yrd Mat Mat Mat Machines Disabled 8 | . 2 3 3 Max in Single Turn 1 | . 1 1 1 Machines Repaired . | . . . . Machines Dismantled . | . . . . Machines Sabotaged . | . . . . Overloaded Fab Kills . | . . . . Hacking | -11 -10 -9 -8 --------- Run | Yrd Mat Mat Mat Machines Accessed . | . . . . Terminals . | . . . . Fabricators . | . . . . Repair Stations . | . . . . Recycling Units . | . . . . Scanalyzers . | . . . . Garrison Access . | . . . . Total Hacks . | . . . . Successful . | . . . . Failed . | . . . . Catastrophic . | . . . . Database Lockouts . | . . . . Manual . | . . . . Terminals . | . . . . Fabricators . | . . . . Repair Stations . | . . . . Recycling Units . | . . . . Scanalyzers . | . . . . Garrison Access . | . . . . Terminal Hacks . | . . . . Fabricator Hacks . | . . . . Repair Station Hacks . | . . . . Recycling Unit Hacks . | . . . . Scanalyzer . | . . . . Garrison Access Hacks . | . . . . Unauthorized Hacks . | . . . . Terminals . | . . . . Fabricators . | . . . . Repair Stations . | . . . . Recycling Units . | . . . . Scanalyzers . | . . . . Garrison Access . | . . . . Data Cores Recovered . | . . . . Used . | . . . . Hacking Detections . | . . . . Full Trace Events . | . . . . Feedback Events . | . . . . Feedback Blocked . | . . . . Robot Schematics Acquired . | . . . . Robots Built . | . . . . Authchips . | . . . . Time . | . . . . Total Robot Build Rating . | . . . . Part Schematics Acquired . | . . . . Parts Built . | . . . . Authchips . | . . . . Time . | . . . . Total Part Build Rating . | . . . . Parts Repaired . | . . . . Time . | . . . . Parts Recycled . | . . . . Recycled Matter . | . . . . Retrieved Matter . | . . . . Retrieved Components . | . . . . Parts Scanalyzed . | . . . . Part Schematics Acquired . | . . . . Parts Damaged . | . . . . Bothacking | -11 -10 -9 -8 ------------ Run | Yrd Mat Mat Mat Used RIF Installer . | . . . . Robots Hacked . | . . . . Non-combat . | . . . . Combat . | . . . . Robot Hacks Applied . | . . . . Relay Couplers Released . | . . . . Fabnet Peak Effective % . | . . . . Robots Rewired . | . . . . Allies Hacked . | . . . . Hacks Repelled . | . . . . Allies | -11 -10 -9 -8 -------- Run | Yrd Mat Mat Mat Total Allies . | . . . . Largest Group . | . . . . Highest-Rated Group . | . . . . Highest-Rated Ally . | . . . . Total Orders . | . . . . Ally Attacks . | . . . . Total Damage . | . . . . Kills . | . . . . Allies Corrupted . | . . . . Allies Melted . | . . . . Intel | -11 -10 -9 -8 ------- Run | Yrd Mat Mat Mat Active Infowar (turns) . | . . . . Robot Analysis Total . | . . . . Derelict Logs Recovered . | . . . . Drone Launches . | . . . . Drone Recoveries . | . . . . Exploration | -11 -10 -9 -8 ------------- Run | Yrd Mat Mat Mat Turns Passed 1839 | 57 711 311 760 Spaces Moved 837 | 35 333 126 343 Core 22 | 18 . . 4 Treads 725 | 17 333 126 249 Legs . | . . . . Wheels . | . . . . Hover 90 | . . . 90 Flight . | . . . . Fastest Speed 46 | 50 160 160 46 Average Speed 148 | 120 160 160 135 Slowest Speed 650 | 160 160 160 650 Overloaded Moves . | . . . . Propulsion Burnouts . | . . . . Robots Hopped . | . . . . Potential Cave-ins . | . . . . Cave-ins Triggered . | . . . . Exploration Rate (%) 28 | 4 70 17 21 Regions Visited 3 Branch Regions . Pre-discovered Areas . | . . . . Known Exits Taken . | . . . . Unknown Exits Taken 3 | 1 1 1 . Scrap Searched . | . . . . Spaces Dug 73 | . . 7 66 Terrain Destroyed 330 | . . 100 230 Melee . | . . . . Projectile 4 | . . . 4 AOE 326 | . . 100 226 Terrain Rammed . | . . . . Walls Destroyed . | . . . . Machines Disabled . | . . . . Actions | -11 -10 -9 -8 --------- Run | Yrd Mat Mat Mat Total 1159 | 46 406 179 528 Wait 68 | . 5 5 58 Move 834 | 34 332 125 343 Hop . | . . . . Pick Up 27 | 5 6 8 8 Fast Attach 10 | . . . 10 Attach 28 | 5 4 4 15 Detach 6 | . . . 6 Swap 7 | . . 4 3 Drop 9 | . 1 2 6 Fire 169 | 2 58 31 78 Melee . | . . . . Ram . | . . . . Kick . | . . . . Crush 1 | . . . 1 Escape Stasis . | . . . . Rewire . | . . . . Trap . | . . . . Miscellaneous . | . . . . Route ------- -11/Scrapyard -10/Materials (discovered 4 exits: [*Mat x3] / [*Min]) -9/Materials (discovered 2 exits: [*Mat] / [*Min]) -8/Materials History --------- Turn | Location | Event 3 | -11/Scrapyard | Discovered new exit (range 16) 58 | -11/Scrapyard | Entered Materials 128 | -10/Materials | Discovered new exit (range 13) 181 | -10/Materials | Discovered new exit (range 10) 323 | -10/Materials | Build established: Mutant 397 | -10/Materials | Discovered new exit (range 7) 542 | -10/Materials | Discovered new exit (range 6) 769 | -10/Materials | Entered another Materials area 769 | -9/Materials | Evolved 2 slots: Propulsion x1, Utility x1 838 | -9/Materials | Discovered new exit (range 16) 995 | -9/Materials | Discovered new exit (range 15) 1080 | -9/Materials | Entered another Materials area 1080 | -8/Materials | Evolved 2 slots: Utility x1, Weapon x1 1684 | -8/Materials | Lost 3 parts (1p2w) 1763 | -8/Materials | Core integrity fell below 50% 1801 | -8/Materials | Core integrity fell below 20% 1813 | -8/Materials | Lost 8 parts (1p3n3u1w) 1840 | -8/Materials | Destroyed by G-47 Trooper with Particle Gun Last Messages --------------- K-01 Serf collects debris. U-05 Engineer lays Concrete. U-05 Engineer builds a Wall. Knocked back. U-05 Engineer lays Concrete. U-05 Engineer builds a Wall. U-05 Engineer lays Concrete. U-05 Engineer builds a Wall. U-05 Engineer lays Concrete. U-05 Engineer builds a Wall. U-05 Engineer lays Concrete. Critical hit (Burn: +37). U-05 Engineer lays Concrete. U-05 Engineer builds a Wall. Critical hit (Burn: +37). U-05 Engineer builds a Wall. Acquired Blade Saw. Aerolev Unit destroyed. Hrd. Heavy Armor Plating destroyed. Shotgun destroyed. Map ----- +----------------------------------------------------+ | ?????????????????????????????????????????????????? | | ?????????????????????????????????????????????????? | | ?????????????????????????????????????????????????? | | ?????????????????????????????????????????????????? | | ?????????????????????????????????????????????????? | | ?????????????????????????????????????????????????? | | ?????????????????????????????????????????????????? | | ?????????????????????????????????????????????????? | | ?????????????????????????????????????????????????? | | ?????????????????????????????????????????????????? | | ?????????????????????????????????????????????????? | | ?????????????????????????????????????????????????? | | ?????????????????????????????????????????????????? | | ?????????????????????????????????????????????????? | | ?????????????????????????+???????????????????????? | | ????????????????????????? #??????????????????????? | | ????????????????????????? #??????????????????????? | | ????????????????????????# #??????????????????????? | | ????????????????????????# #??????????????????????? | | ????????????????????????# #??????????????????????? | | ????????????????????????# #??????????????????????? | | ??????????????????????### #??????????????????????? | | ??????????????????????? #???????? #????????????? | | ???????????????????????# #?????? ##???????????? | | ???????#/#####+##??????# ###### #???????????? | | ???#?? #??????# @ #???????????? | | ???# """"" #?????## g k ????????? | | ???# """"""""" ###### #gg % #???????????? | | ???# """ """ # ### #% g##### #???????????? | | ???# * # ##g # #???####???????????? | | ?????? = w ######??????????????? | | ????????##%## % H #??????????? | | #???????# # # #??????????? | | ##??????# # ########? #??????????? | | ######## # ### "## [ #??? #??????????? | | #### ! [ # # #????? #???? #??????????? | | # #????????????? #??????????? | | #=%= "% #=##????????????? #??????????? | | # # ###=##?????????????? #??????????? | | +%% # ""##%### ??????????????????????? | | #### # * %!%*%##+########????????????????? | | ####+#####/###%= ???????????????? | | # # == !%%= = ???????????????? | | # = = ### ???????????????? | | ## ## ! = %# ##+########????????????????? | | % %= !% ### #"###??????????????????????????? | | #####" #?# ????????????????????????????? | | %% #### #?# "S ???????????????????????????? | | " " ##??# #?# """ ??????????????????????????? | | "#####???# #?#^ "" ??????????????????????????? | +----------------------------------------------------+ Best States ------------- Heat Dissipation 55 Energy Generation 16 Energy Capacity 290 Matter Stores 500 Matter Capacity 500 Sight Range 16 Terrain Scan Density 10 EM Shielding 2 Armor Coverage 600 Evasion (%) 55 Targeting Accuracy 6 Recoil Reduction 3 Item Schematics ----------------- None Robot Schematics ------------------ None Fabricated ------------ Nothing Repaired ---------- Nothing Alien Tech Used ----------------- None Achievements -------------- None Challenges ------------ None Game ------ Seed MobileArcsightPod Manual? 0 Play Time 00:16:08 Cumulative 104.6 hours Start 2025.08.26 @ 18:53:17 End 2025.08.26 @ 19:08:10 Sessions 1 Manual Loads 0 Difficulty Rogue Special Mode None Game No. 393 Rogue 393 Adventurer 0 Explorer 0 Win Type - Total 0 Types 0/0/0/0/0/0/0/0/0/0 Lore% 43 Gallery% 42 Achievement% 31 Wizard Run 0 Options --------- Layout 2 ASCII 0 Keyboard 0 Movement Mouse Keybinds 0 Fullscreen 2 Font 24/Smallcaps Map View 50x44 Zoom Use 0% Tactical HUD 0 Map Filters NONE Filters NONE Steam 1 RUN: 6f8eb755-f01b-4b78-bf1d-d817718bcf68